Map: Jagannatha LE

Players

ShaDoWn

  • Race: Protoss Protoss
  • League: Master
  • Spawn Location: 7:00

Geralt (Gerald) - Winner!

  • Race: Protoss Protoss
  • League: Grandmaster
  • Spawn Location: 1:00

Event: DreamHack SC2 Masters 2020 Winter

VOD

Have the link to the VOD?

Description

Time

  • Played on: Oct. 30, 2020, 12:51 p.m.
  • Length: 14:08

All games in this series

Show
View Real Time Build Order
Export as new Build Order

ShaDoWn Protoss 

Build Orders:  

Get SALT Encoding   

  12  0:00  Probe  
  13  0:12  Probe  
  14  0:17  Pylon  
  14  0:24  Probe  
  15  0:35  Gateway  
  15  0:37  Probe (Chrono Boost)  
  16  0:46  Probe (Chrono Boost)  
  16  0:47  Assimilator  
  17  0:51  Probe (Chrono Boost)  
  17  0:55  Assimilator  
  18  1:03  Probe (Chrono Boost)  
  19  1:07  Gateway  
  19  1:14  Probe (Chrono Boost)  
  20  1:19  Probe (Chrono Boost)  
  20  1:24  Cybernetics Core  
  21  1:30  Probe  
  22  1:35  Pylon  
  22  1:42  Probe  
  23  1:54  Probe  
  23  2:00  Warp Gate, Adept x2  
  28  2:06  Probe  
  29  2:15  Pylon  
  29  2:18  Probe  
  30  2:33  Adept x2  
  33  2:50  Nexus  
  33  2:56  Shield Battery  
  33  3:10  Adept x2  
  37  3:18  Pylon  
  36  3:28  Robotics Facility  
  36  3:31  Probe  
  37  3:43  Probe  
  38  3:49  Adept x2  
  38  3:55  Probe  
  39  4:11  Probe  
  39  4:12  Probe, Sentry x2, Immortal (Chrono Boost)  
  49  4:23  Probe  
  50  4:36  Stalker x2  
  50  4:39  Probe  
  50  4:43  Immortal (Chrono Boost)  
  51  4:48  Probe  
  56  4:58  Probe  
  55  5:01  Sentry x2  
  55  5:03  Pylon, Probe  
  60  5:10  Probe  
  60  5:11  Warp Prism  
  61  5:17  Probe (Chrono Boost)  
  62  5:24  Probe (Chrono Boost)  
  62  5:25  Sentry  
  62  5:26  Stalker  
  69  5:32  Pylon  
  69  5:33  Probe (Chrono Boost)  
  68  5:36  Probe (Chrono Boost)  
  69  5:44  Probe  
  70  5:50  Stalker x2  
  70  5:51  Observer, Probe  
  75  5:58  Probe  
  75  6:02  Pylon  
  75  6:04  Probe  
  74  6:10  Probe  
  73  6:14  Adept x2  
  73  6:16  Probe  
  78  6:22  Probe  
  73  6:28  Probe  
  74  6:34  Probe  
  74  6:36  Assimilator x2  
  74  6:38  Pylon  
  75  6:40  Probe  
  75  6:46  Pylon, Adept  
  78  6:48  Forge  
  78  6:56  Probe  
  79  7:02  Probe  
  76  7:12  Probe  
  76  7:15  Probe  
  72  7:24  Probe, Immortal (Chrono Boost)  
  72  7:25  Twilight Council  
  72  7:27  Probe  
  76  7:32  Nexus  
  72  7:38  Probe  
  72  7:39  Probe  
  72  7:44  Protoss Ground Weapons Level 1  
  74  7:51  Gateway  
  74  7:53  Gateway  
  74  7:54  Stalker x2  
  74  7:55  Gateway  
  78  7:58  Photon Cannon  
  78  8:00  Immortal (Chrono Boost)  
  82  8:12  Gateway x2  
  82  8:20  Stalker x2  
  86  8:32  Forge, Probe  
  85  8:34  Probe  
  86  8:43  Gateway  
  86  8:44  Stalker x2, Probe  
  86  8:45  Gateway  
  89  8:51  Probe  
  90  9:01  Stalker x3  
  90  9:06  Stalker  
  78  9:11  Stalker x3  
  84  9:24  Stalker x3  
  82  9:32  Stalker  
  82  9:34  Blink (Chrono Boost)  
  80  9:44  Nexus  
  70  9:53  Sentry x3  
  70  10:03  Immortal (Chrono Boost)  
  72  10:13  Sentry x2  
  76  10:15  Stalker  
  76  10:18  Stalker  
  79  10:23  Stalker  
  79  10:25  Stalker  
  83  10:30  Stalker  
  84  10:41  Stalker x2  
  84  10:42  Sentry  
  90  10:45  Stalker  
  92  10:57  Stalker x3  
  86  11:06  Stalker, Zealot x2  
  92  11:11  Stalker  
  94  11:21  Pylon  
  94  11:31  Stalker x3  
  90  11:33  Stalker x2  
  77  11:43  Stalker  
  73  11:49  Stalker  
  70  11:56  Stalker  
  72  12:01  Stalker  
  74  12:27  Observer (Chrono Boost)  
  75  12:31  Probe  
  75  12:32  Nexus  
  75  12:34  Sentry  
  75  12:35  Sentry  
  80  12:39  Sentry  
  80  12:40  Observer (Chrono Boost)  
  80  12:43  Probe  
  84  12:44  Probe  
  85  12:55  Probe  
  85  12:56  Probe  
  87  13:07  Probe  
  87  13:08  Probe  
  87  13:09  Stalker  
  91  13:13  Observer  
  91  13:14  Robotics Bay  
  91  13:19  Probe  
  92  13:20  Probe  
  92  13:22  Stalker  
  95  13:31  Probe  
  95  13:32  Probe  
  97  13:37  Stalker  
  99  13:48  Stalker x2  
  87  13:59  Stalker x2  
Show
View Real Time Build Order
Export as new Build Order

Geralt Protoss - Winner!

Build Orders:  

Get SALT Encoding   

  12  0:00  Probe  
  13  0:12  Probe  
  14  0:17  Pylon  
  14  0:24  Probe (Chrono Boost)  
  16  0:37  Probe (Chrono Boost)  
  16  0:38  Gateway  
  16  0:42  Probe (Chrono Boost)  
  16  0:45  Assimilator  
  17  0:52  Probe (Chrono Boost)  
  17  0:54  Assimilator  
  19  1:04  Probe (Chrono Boost)  
  19  1:09  Gateway  
  19  1:13  Probe (Chrono Boost)  
  19  1:18  Probe  
  20  1:24  Cybernetics Core  
  21  1:30  Probe  
  22  1:33  Pylon  
  22  1:42  Probe  
  23  1:54  Probe  
  23  1:58  Warp Gate (Chrono Boost)  
  23  2:01  Stalker x2  
  28  2:06  Probe  
  29  2:13  Pylon  
  29  2:19  Probe  
  30  2:25  Shield Battery  
  30  2:29  Pylon  
  30  2:33  Stalker  
  30  2:36  Stalker  
  33  2:42  Probe  
  34  2:46  Shield Battery  
  34  3:05  Stalker  
  34  3:11  Shield Battery  
  36  3:13  Pylon  
  36  3:20  Probe  
  36  3:32  Probe  
  37  3:35  Gateway  
  37  3:40  Stalker  
  39  3:44  Stalker  
  41  4:07  Stalker  
  41  4:09  Nexus  
  41  4:11  Stalker  
  44  4:22  Probe  
  44  4:34  Probe  
  44  4:36  Stalker  
  44  4:37  Stalker  
  47  4:44  Stalker  
  47  4:50  Pylon  
  47  4:59  Twilight Council  
  47  5:08  Probe  
  47  5:11  Adept x2  
  52  5:20  Probe  
  53  5:22  Probe  
  53  5:26  Shield Battery  
  54  5:30  Resonating Glaives (Chrono Boost)  
  54  5:32  Probe  
  49  5:37  Sentry x2  
  49  5:38  Sentry  
  49  5:41  Probe  
  56  5:53  Shield Battery  
  56  6:04  Adept x3  
  56  6:05  Probe  
  56  6:06  Probe  
  64  6:11  Gateway  
  64  6:17  Probe  
  64  6:18  Probe  
  64  6:19  Gateway  
  64  6:25  Sentry x2  
  66  6:26  Adept  
  70  6:35  Pylon  
  70  6:36  Assimilator, Pylon  
  70  6:47  Pylon  
  70  6:48  Pylon  
  70  6:54  Probe x2  
  72  6:58  Adept  
  72  6:59  Adept x2  
  66  7:14  Adept x2  
  64  7:16  Probe x2  
  64  7:22  Stalker x3  
  69  7:43  Robotics Facility  
  71  7:47  Forge, Assimilator  
  71  7:48  Adept x3  
  71  7:50  Adept x2  
  79  7:59  Probe  
  80  8:09  Adept x3  
  80  8:12  Adept x2  
  90  8:17  Blink (Chrono Boost)  
  82  8:38  Probe  
  82  8:39  Stalker x2  
  82  8:40  Stalker x2  
  85  9:02  Stalker x4  
  85  9:04  Observer  
  78  9:25  Stalker x5  
  80  9:41  Immortal (Chrono Boost)  
  78  9:49  Stalker x2  
  78  9:50  Stalker  
  78  9:51  Adept  
  78  10:03  Stalker  
  80  10:12  Stalker x2  
  84  10:15  Stalker  
  84  10:17  Observer (Chrono Boost)  
  87  10:26  Stalker  
  87  10:28  Protoss Ground Weapons Level 1 (Chrono Boost)  
  89  10:40  Nexus  
  87  10:47  Adept x4  
  93  11:02  Stalker  
  93  11:10  Stalker x3  
  93  11:11  Stalker  
  101  11:21  Robotics Bay  
  101  11:38  Adept x3  
  89  11:49  Immortal (Chrono Boost)  
  93  11:57  Pylon  
  93  11:58  Gateway  
  93  12:00  Gateway  
  93  12:02  Observer  
  93  12:05  Probe x3  
  96  12:13  Sentry x2  
  96  12:15  Disruptor (Chrono Boost)  
  100  12:16  Observer  
  100  12:17  Probe  
  100  12:19  Probe x2  
  106  12:30  Probe  
  106  12:36  Observer  
  107  12:37  Gateway  
  107  12:38  Gateway  
  107  12:45  Disruptor (Chrono Boost)  
  107  12:46  Photon Cannon  
  107  12:47  Photon Cannon  
  110  12:56  Photon Cannon, Probe  
  110  12:57  Shield Battery  
  110  13:05  Assimilator, Stalker  
  110  13:07  Stalker  
  110  13:08  Assimilator  
  114  13:15  Pylon  
  114  13:17  Pylon  
  114  13:18  Stalker  
  116  13:25  Probe  
  117  13:27  Pylon  
  117  13:33  Probe  
  121  13:36  Pylon  
  121  13:38  Pylon  
Tags
 
Add a new tag
Caveats
  • Supply blocks, unpowered buildings, or Contaminate may cause inaccurate times.
  • Supply counts are checked every 10 seconds.